 Dungeon Crawl Stone Soup version 0.17-a0-737-gf0a300a (webtiles) character file.

29 Ololoev the Skirmisher (level 3, 0/24 HPs)
             Began as a Kobold Wanderer on Apr 21, 2015.
             Slain by a white imp (2 damage)
             ... summoned by Natasha
             ... on level 2 of the Dungeon.
             The game lasted 00:05:35 (1747 turns).

Ololoev the Skirmisher (Kobold Wanderer)            Turns: 1747, Time: 00:05:35

Health: 0/24       AC:  7    Str: 11    XL:     3   Next: 32%
Magic:  3/3        EV: 14    Int:  9    God:
Gold:   77         SH:  0    Dex: 16    Spells: 0 memorised, 2 levels left

rFire  . . .     SeeInvis .     a - +0 dagger (flame)
rCold  . . .     Clarity  .     d - +0 robe
rNeg   . . .     SustAb   .     (shield restricted)
rPois  +         Gourm    .     (no helmet)
rElec  .         Spirit   .     (no cloak)
rCorr  .         Warding  .     (no gloves)
rMut   .         Stasis   .     (no boots)
MR     .....                    l - amulet of inaccuracy (curse)
Stlth  ++........               k - +5 ring of protection (curse)
                                j - ring of poison resistance

@: very slightly contaminated, hasted, very quick, not resistant to hostile
enchantments, unstealthy
A: carnivore 3
a: no special abilities


Innate Abilities, Weirdness & Mutations

You are small and have problems with some larger weapons.
You are carnivorous and can eat meat at any time.

Inventory:

Hand weapons
 a - a +0 dagger of flaming (weapon)
Armour
 d - a +0 robe (worn)
Jewellery
 j - a ring of poison resistance (left hand)
 k - a cursed +5 ring of protection (right hand)
 l - a cursed amulet of inaccuracy (around neck)
Scrolls
 g - a scroll of teleportation
 m - a scroll of enchant weapon {unknown}
Potions
 h - a potion of magic
Comestibles
 c - 2 chunks of flesh
 f - 2 meat rations


   Skills:
 - Level 4.3 Fighting
 * Level 4.0 Short Blades
   Level 1.0 Staves
 - Level 1.3 Throwing
 - Level 1.2 Dodging
 - Level 2.6 Stealth


You had 2 spell levels left.
You didn't know any spells.


You were on level 2 of the Dungeon.
You were completely stuffed.

You visited 1 branch of the dungeon, and saw 2 of its levels.

You collected 77 gold pieces.

. )##. . .#..#.. #. ..#.....
#.. #........
..#..###.....[..
...............$
.###......l5........
.....##...hS..#### ###
..........5@)....# ....
#.............##.####...#
#.....................#.###
#............>.#...........
..............#>.####.....
#................##.......
#<.....##...#.#......#
.######.................##..#
..............###...###..# #

Notes
Turn   | Place    | Note
--------------------------------------------------------------
     0 | D:1      | Ololoev, the Kobold Wanderer, began the quest for the Orb.
     0 | D:1      | Ololoev set off with: a +2 quarterstaff, a potion of curing, a +0 short sword, a +0 robe, a +0 dagger, a meat ration
     0 | D:1      | Reached XP level 1. HP: 16/16 MP: 1/1
   529 | D:1      | Reached XP level 2. HP: 15/20 MP: 2/2
  1078 | D:1      | Reached XP level 3. HP: 24/24 MP: 3/3
  1730 | D:2      | Noticed Natasha
  1747 | D:2      | Slain by a white imp

Dungeon Overview and Level Annotations

Branches:
Dungeon (2/15)

Altars:

Annotations:
D:2 Natasha


Message History

The adder barely misses you.
You are very lightly contaminated with residual magic.
You closely miss Natasha. The adder bites you. Natasha barely misses you.
You barely miss Natasha. The adder bites you but does no damage.
Natasha completely misses you.
Drink which item? (? for menu, Esc to quit)
You feel better. The adder bites you.
Natasha mumbles some strange words.
You hit Natasha. You burn Natasha.
Natasha is heavily wounded.
The adder barely misses you.
You hit Natasha but do no damage.
Natasha is heavily wounded.
The adder bites you but does no damage. Natasha barely misses you.
The crimson imp blinks!
The adder bites you.
You hit Natasha. You burn Natasha.
Natasha is severely wounded.
Natasha casts a spell at you. The magic dart hits you!
The giant newt hisses menacingly.
The adder bites you but does no damage.
You hit Natasha but do no damage.
Natasha is severely wounded.
Natasha casts a spell.
The adder bites you.
You miss Natasha.
Natasha is severely wounded.
The crimson imp blinks!
The adder bites you but does no damage. Natasha casts a spell at you.
You resist with significant effort.
You miss Natasha.
Natasha is severely wounded.
You feel yourself speed up. The adder closely misses you.
You hit Natasha but do no damage.
Natasha is severely wounded.
Natasha mewls in sadness.
Natasha stares at you and mumbles some strange words.
You resist with significant effort. The white imp hits you.
You die...

You could see Natasha, a crimson imp, an adder, a white imp and a giant newt.

Vanquished Creatures
  A giant gecko (D:1)
  2 giant cockroaches (D:1)
  5 goblins
  3 hobgoblins (D:1)
  A ball python (D:1)
  6 bats (D:1)
  4 giant newts
  5 kobolds (D:1)
  4 rats (D:1)
31 creatures vanquished.

Action                   || total
-------------------------++-------
Melee: Dagger            ||   114
       Short sword       ||    10
  Use: Scroll            ||     3
       Potion            ||     3
 Stab: Sleeping          ||     2
  Eat: Chunk             ||    11

Vault maps used:
D:1:      dpeg_chamrin_arrival_tetris, grunt_decor_arrowhead
D:2:      first_bread, uniq_natasha, uniq_terence
